 Dungeon Crawl Stone Soup version 0.22-a0-455-ga0624bf (webtiles) character file.

67 wazuzu the Chiller (level 4, 0/24 HPs)
             Began as a Kobold Ice Elementalist on June 5, 2018.
             Killed by nerve-wracking pain
             ... invoked by a shadow imp
              (1 damage)
             ... on level 3 of the Dungeon.
             The game lasted 00:05:39 (2288 turns).

wazuzu the Chiller (Kobold Ice Elementalist)        Turns: 2288, Time: 00:05:40

Health: 0/24       AC:  2    Str:  5    XL:     4   Next: 38%
Magic:  6/8        EV: 15    Int: 17    God:
Gold:   90         SH:  0    Dex: 15    Spells: 8/9 levels left

rFire    x . .     SeeInvis .   (weapon restricted)
rCold    + . .     Gourm    .   (shield restricted)
rNeg     . . .     Faith    .   a - +0 robe
rPois    +         Spirit   .   (no helmet)
rElec    .         Reflect  .   (no cloak)
rCorr    .         Harm     .   (no gloves)
MR       .....                  (no boots)
Stlth    ++........             (no amulet)
HPRegen  0.08/turn              h - ring of poison resistance
MPRegen  0.11/turn              l - ring of ice

@: no status effects
A: small, carnivore
a: no special abilities


You were on level 3 of the Dungeon.
You were completely stuffed.

You visited 1 branch of the dungeon, and saw 3 of its levels.

You collected 90 gold pieces.

Inventory:

Missiles
 b - 49 stones (quivered)
Armour
 a - a +0 robe (worn)
Jewellery
 h - a ring of poison resistance (left hand)
 l - a ring of ice (right hand)
Scrolls
 e - 2 scrolls of remove curse {unknown}
 f - a scroll of enchant weapon {unknown}
 i - a scroll of fog {unknown}
 j - a scroll of identify {unknown}
 k - a scroll of amnesia {unknown}
Potions
 d - a potion of resistance {unknown}
 g - a potion of curing {unknown}
Comestibles
 c - 2 rations


   Skills:
 - Level 2.4 Dodging
 - Level 2.6 Stealth
 + Level 3.0 Spellcasting
   Level 1.0 Conjurations
 * Level 4.4 Ice Magic


You had 8 spell levels left.
You knew the following spells:

 Your Spells              Type           Power        Failure   Level  Hunger
a - Freeze                Ice            ####         2%          1    None

Your spell library contained the following spells:

 Spells                   Type           Power        Failure   Level  Hunger
 Throw Frost              Conj/Ice       ###...       9%          2    ##.....
 Summon Ice Beast         Ice/Summ       ###.....     56%         4    ####...
 Ozocubu's Armour         Chrm/Ice       ###.....     22%         3    ###....
 Throw Icicle             Conj/Ice       ###.....     50%         4    ####...


Dungeon Overview and Level Annotations

Branches:
Dungeon (3/15)

Altars:


Innate Abilities, Weirdness & Mutations

You are small and have problems with some larger weapons.
You are carnivorous and can eat meat at any time.


Message History

Casting: Freeze (safe; 2% risk of failure)
Confirm with . or Enter, or press ? or * to list all spells.
Aiming: Freeze (safe; 2% risk of failure)
Press: ? - help, Shift-Dir - straight line, f/p - shadow imp
Aim: a shadow imp (moderately wounded)
You feel a surge of power!
You freeze the shadow imp.
The shadow imp completely resists.
The shadow imp is moderately wounded.
The shadow imp hits you.
* * * LOW HITPOINT WARNING * * *
The shadow imp gestures at you.
You barely resist.
There is an open door here.
The shadow imp gestures at you. Pain shoots through your body!
* * * LOW HITPOINT WARNING * * *
The shadow imp sputters.
The shadow imp gestures at you. Pain shoots through your body!
You die...

############
########..........##
.......'...........#
###########...........#
......##..'5..........#
#####.##.##.....@.....#
#.##.##.......<...#
#5.5.##...........#
#######...........#
###########.# .# . #


You could see a shadow imp.

Vanquished Creatures
  A worm (D:2)
  2 dart slugs (D:1)
  2 leopard geckos
  5 goblins
  8 hobgoblins
  10 jackals
  A quokka (D:2)
  6 bats
  3 frilled lizards (D:1)
  9 kobolds
  4 rats
51 creatures vanquished.

Notes
Turn   | Place    | Note
-------+----------+-------------------------------------------
     0 | D:1      | wazuzu the Kobold Ice Elementalist began the quest for the Orb.
     0 | D:1      | Reached XP level 1. HP: 10/10 MP: 3/3
   233 | D:1      | Reached XP level 2. HP: 5/15 MP: 1/5
   796 | D:1      | Reached XP level 3. HP: 15/19 MP: 0/6
  1372 | D:1      | Reached skill level 4 in Ice Magic
  1719 | D:2      | Reached XP level 4. HP: 22/24 MP: 6/8
  2274 | D:3      | HP: 1/24 [shadow imp (6)]
  2285 | D:3      | HP: 1/24 [shadow imp/nerve-wracking pain (1)]
  2288 | D:3      | Killed from afar by a shadow imp

Vault maps used:
D:1:      nzn_arrival_crosshair
D:3:      chequers_ecumenical_altar_simple

Skill      XL: |  1  2  3  4 |
---------------+-------------+-----
Ice Magic      | 4 |  4.4
Spellcasting   | 3 |  3.0
Dodging        | |  2.4
Stealth        | |  2.6
Conjurations   | |  1.0

Action                   |  1- 3 |  4- 6 || total
-------------------------+-------+-------++-------
Melee: Unarmed           |    30 |     9 ||    39
 Cast: Freeze            |    60 |    24 ||    84
  Eat: Chunk             |    11 |     2 ||    13
Armor: Robe              |     7 |     2 ||     9
Dodge: Dodged            |    56 |    11 ||    67

Table legend:
 A = Spawn XP
 B = Non-spawn XP
 C = Spawn XP percentage of total XP
 D = Spawn monster count
 E = Non-spawn monster count
 F = Spawn count percentage of total count
 G = Total turns spent on level
                    A         B        C        D         E        F      G
               +---------+---------+-------+---------+---------+-------+---------
         Total |       0 |      96 |   0.0 |       0 |      51 |   0.0 |  2288
               +---------+---------+-------+---------+---------+-------+---------
           D:1 |       0 |      56 |   0.0 |       0 |      30 |   0.0 |  1498
           D:2 |       0 |      39 |   0.0 |       0 |      20 |   0.0 |   710
           D:3 |       0 |       1 |   0.0 |       0 |       1 |   0.0 |    80
               +---------+---------+-------+---------+---------+-------+---------
